 Dungeon Crawl Stone Soup version 0.29-a0-22-gbf593b16ee (webtiles) character file.

Game seed: 16330130300938138768

117491 Armakuni the Sharpshooter (level 17, 142/142 HPs)
             Began as a Human Artificer on Jan 29, 2022.
             Was an Initiate of the Shining One.
             Quit the game on level 15 of the Dungeon.
             The game lasted 01:45:10 (28715 turns).

Armakuni the Sharpshooter (Human Artificer)        Turns: 28715, Time: 01:45:11

Health: 142/142    AC: 23    Str: 34    XL:     17   Next: 29%
Magic:  18/18      EV: 13    Int: 14    God:    the Shining One [......]
Gold:   964        SH:  0    Dex: 14    Spells: 16/18 levels left

rFire   . . .      SeeInvis .   b - +6 arbalest "Damnation" {damnation}
rCold   + . .      Faith    .   (shield currently unavailable)
rNeg    + . .      Spirit   .   i - +4 chain mail {rC+}
rPois   .          Reflect  .   C - +0 helmet "Qiqaf" {Contam Fly rN+ Str+4}
rElec   .          Harm     .   N - +2 cloak
rCorr   .          Rampage  .   o - +0 pair of gloves
Will    +....                   r - +0 pair of boots
Stlth   ..........              R - amulet of regeneration
HPRegen 1.13/turn               S - +6 ring of strength
MPRegen 0.16/turn               V - +6 ring of strength

@: flying, studying Fighting
A: no striking features
a: Renounce Religion


You were on level 15 of the Dungeon.
You worshipped the Shining One.
The Shining One was noncommittal.
You visited 4 branches of the dungeon, and saw 24 of its levels.
You also visited: Sewer, Ossuary and Gauntlet.

You collected 2559 gold pieces.
You spent 1595 gold pieces at shops.

Inventory:

Hand Weapons
 a - a +1 dire flail
 b - the +6 arbalest "Damnation" (weapon) {damnation}
   (You found it on level 5 of the Lair of Beasts)

   Any ammunition fired from it explodes in a burst of damnation on striking a
   foe, dealing damage which bypasses armour.
   The Shining One disapproves of the use of such an item.
Missiles
 c - a throwing net
 A - 31 bolts (quivered ammo)
 E - a curare-tipped dart
Armour
 i - a +4 chain mail of cold resistance (worn)
 j - +0 swamp dragon scales
 o - a +0 pair of gloves (worn)
 r - a +0 pair of boots (worn)
 C - the +0 helmet "Qiqaf" (worn) {Contam Fly rN+ Str+4}
   (You found it in a Gauntlet)

   Str:       It affects your strength (+4).
   rN:        It protects you from negative energy.
   Fly:       It grants you flight.
   Contam:    It causes magical contamination when unequipped.
 N - a +2 cloak (worn)
Magical Staves
 L - a staff of conjuration
Jewellery
 F - a ring of protection from fire
 H - a ring of willpower
 R - an amulet of regeneration (around neck)
 S - a +6 ring of strength (left hand)
 V - a +6 ring of strength (right hand)
Wands
 O - a wand of iceblast (9)
Scrolls
 e - 2 scrolls of silence
 f - 5 scrolls of noise
 n - 4 scrolls of teleportation
 q - 2 scrolls of magic mapping
 s - 2 scrolls of amnesia
 t - 4 scrolls of fog
 y - 5 scrolls of vulnerability
 D - a scroll of holy word
 G - 2 scrolls of immolation
 J - 2 scrolls of identify
 K - 3 scrolls of blinking
 P - a scroll of enchant weapon
Potions
 d - 5 potions of haste
 g - 6 potions of flight
 h - 10 potions of curing
 k - 7 potions of ambrosia
 p - a potion of invisibility
 u - a potion of might
 w - 4 potions of mutation
 x - 3 potions of brilliance
 z - 4 potions of heal wounds
 B - a potion of magic
 I - 5 potions of lignification
 M - a potion of resistance
Miscellaneous
 l - a lightning rod (1/4)
 m - a phantom mirror
 v - a condenser vane (inert)


   Skills:
 + Level 15.3 Fighting
 - Level 11.9(14.0) Maces & Flails
 - Level 12.0(14.0) Staves
 + Level 15.5 Crossbows
 - Level 10.0 Armour
 - Level 8.9 Dodging
 - Level 1.0 Stealth
 - Level 1.0 Spellcasting
 - Level 1.0 Transmutations
 - Level 6.0 Evocations


You had 16 spell levels left.
You knew the following spells:

 Your Spells              Type           Power      Damage    Failure   Level
w - Wereblood             Tmut           3%         N/A       65%         2

Your spell library contained the following spells:

 Spells                   Type           Power      Damage    Failure   Level
 Beastly Appendage        Tmut           6%         N/A       50%         1
 Sting                    Tmut/Pois      8%         1d3       56%         1
 Summon Small Mammal      Summ           0%         N/A       65%         1
 Static Discharge         Conj/Air       0%         N/A       78%         2
 Sublimation of Blood     Necr           0%         N/A       78%         2
 Spider Form              Tmut/Pois      2%         N/A       91%         3
 Call Canine Familiar     Summ           0%         N/A       95%         3
 Ozocubu's Armour         Ice            0%         N/A       95%         3
 Portal Projectile        Hex/Tloc       0%         N/A       95%         3
 Stone Arrow              Conj/Erth      0%         3d7       95%         3
 Summon Guardian Golem    Hex/Summ       0%         N/A       95%         3
 Animate Armour           Summ/Erth      0%         N/A       100%        4
 Hailstorm                Conj/Ice       0%         3d3       100%        4
 Ice Form                 Ice/Tmut       2%         N/A       100%        4
 Leda's Liquefaction      Hex/Erth       0%         N/A       100%        4
 Passage of Golubria      Tloc           0%         N/A       100%        4
 Summon Lightning Spire   Summ/Air       0%         N/A       100%        4
 Borgnjor's Vile Clutch   Necr/Erth      0%         N/A       100%        5
 Lee's Rapid Deconstruct  Erth           0%         3d5*      100%        5
 Lightning Bolt           Conj/Air       0%         1d11      100%        5
 Metabolic Englaciation   Hex/Ice        0%         N/A       100%        5
 Silence                  Hex/Air        0%         N/A       100%        5
 Summon Forest            Summ/Tloc      0%         N/A       100%        5
 Summon Mana Viper        Hex/Summ       0%         N/A       100%        5
 Eringya's Noxious Bog    Tmut/Pois      1%         N/A       100%        6
 Simulacrum               Ice/Necr       0%         N/A       100%        6
 Statue Form              Tmut/Erth      1%         N/A       100%        6
 Summon Cactus Giant      Summ           0%         N/A       100%        6
 Orb of Destruction       Conj           0%         9d5       100%        7
 Spellforged Servitor     Conj/Summ      0%         N/A       100%        7
 Summon Hydra             Summ           0%         N/A       100%        7
 Lehudib's Crystal Spear  Conj/Erth      0%         10d2      100%        8
 Maxwell's Capacitive Co  Air            0%         ∞         100%        8


Dungeon Overview and Level Annotations

Branches:
Dungeon (15/15)            Temple (1/1) D:4            Lair (6/6) D:8
 Shoals (0/4) Lair:4       Spider (0/4) Lair:2        Slime (0/5) Lair:6
    Orc (2/2) D:10            Elf (0/3) Orc:2        Vaults (0/5) D:14
  Sewer (visited)         Ossuary (visited)         Gauntlet (visited)
 Depths: D:15

Altars:
Ashenzari
Cheibriados
Dithmenos
Elyvilon
Fedhas
Gozag
Hepliaklqana
Kikubaaqudgha
Makhleb
Nemelex Xobeh
Okawaru
Qazlal
Ru
Sif Muna
Trog
Uskayaw
Vehumet
Wu Jian
Xom
Yredelemnul
Zin
The Shining One
Beogh
Jiyva

Shops:
D:2 =   D:9 *   D:13 :   Orc:2 ([?!

Annotations:
D:14 3 runed translucent doors, Usyuff's ghost, journeyman DrCj
Abyss:1 Maggie


Message History

There is an open door here.
f - 5 scrolls of noise (gained 1)
You reach down and open the door.
There is an open door here.
A wizard comes into view. It is wielding a +0 dagger.
The wizard shouts!
The wizard casts a spell.
The wizard flickers and vanishes!
Deactivating autopickup; reactivate with Ctrl-A.
There is an open door here.
You reach down and close the door.
b - the +6 arbalest "Damnation" (weapon)
{damnation} Something unseen breaks down the door.
Fire: 32 bolts
Press: ? - help, Q - select action, (/) - cycle Shift-Dir - straight line You shoot a damnation bolt.
Fire: 31 bolts
Press: ? - help, Q - select action, (/) - cycle Shift-Dir - straight line You shoot a damnation bolt.
Reactivating autopickup.
You feel a bit more experienced.
The damnation bolt explodes!
There is a broken door, spattered with blood here.
Things that are here:
a +0 dagger; a +0 robe; a human corpse
A - 31 bolts (gained 1)
You reach down and open the door.
There is an open door here.
Found a glowing golden altar of the Shining One.
A skeletal warrior comes into view. It is wielding a +0 halberd.
Unknown command.
As you open the door, it creaks loudly!
There is an open door here.
There is a glowing golden altar of the Shining One here.
You hover solemnly before the altar of the Shining One.
You have lost your religion!
The Shining One welcomes you!
The Shining One warns you to remove the +6 arbalest "Damnation".
Are you sure you want to abandon this character and quit the game? (Confirm with "yes".)
Okay, then.
Are you sure you want to abandon this character and quit the game? (Confirm with "yes".)

#.........+#####.........
#.......#......#.........
#.......#......#......... .
#......###.....#......... ..
#.#+..##.##....#####.....
...#####.#..##...##.......#.....
...........##..#..##......#.....
..........##..#.#..##.....##....
........###..#.@.#..###....#....
..........##..#.#..##......'....
...........##..#..##.......#....
............#z...##........#....
..###'##.....##.##..#......#....
. ... #......### ..#..#####....
#... #.......# .#.. ..... #...
#.......# .## ..... #.
#......... .....


You could see a skeletal warrior.

Vanquished Creatures
  Kirke (Lair:4)
  Nessos (D:14)
  4 dire elephants (Lair:6)
  A minotaur (Gauntlet)
  Azrael (D:14)
  Snorg (Lair:5)
  Josephine (D:13)
  Harold (Orc:1)
  6 hydras
  3 vault guards (D:14)
  A hydra (shapeshifter) (D:12)
  A death knight (D:13)
  11 boulder beetles
  A catoblepas (Lair:4)
  8 centaur warriors
  8 two-headed ogres
  2 tengu warriors (D:13)
  18 death yaks
  8 orc high priests
  A spectral dire elephant (Lair:6)
  A spectral anaconda (Lair:6)
  A spectral death yak (Lair:6)
  3 swamp dragons (Lair:3)
  An orb spider (shapeshifter) (D:11)
  2 orc knights
  An obsidian statue (Lair:6)
  4 ugly things
  A deep elf pyromancer (D:13)
  A wizard (D:15)
  A deep elf zephyrmancer (D:13)
  3 necromancers (Lair:6)
  5 cyclopes
  A merfolk siren (Lair:4)
  A manticore (D:13)
  9 black mambas
  Joseph (D:7)
  21 elephants
  A gargoyle (D:13)
  24 cane toads
  2 unseen horrors
  A torpor snail (Lair:3)
  6 rime drakes
  2 kobold demonologists
  2 efreet
  12 komodo dragons
  A yaktaur (D:13)
  3 meliai (D:13)
  4 polar bears
  A troll (shapeshifter) (D:13)
  2 hornets
  A queen bee (shapeshifter) (D:13)
  8 trolls
  Prince Ribbit (Lair:3)
  A slime creature (D:13)
  2 spectral elephants (Lair:6)
  3 blink frogs (Lair:3)
  8 dream sheep (Lair:6)
  A wolf spider simulacrum (Gauntlet)
  A raiju (shapeshifter) (D:14)
  16 flying skulls (Gauntlet)
  A centaur simulacrum (Gauntlet)
  A dire elephant simulacrum (Lair:6)
  4 wyverns
  2 spriggans (shapeshifter)
  2 shadows (D:13)
  8 wraiths
  2 vampires
  3 fire elementals (D:14)
  A hog (shapeshifter) (D:13)
  30 yaks
  2 hogs (Lair:4)
  7 humans (D:14)
  5 basilisks
  2 death yak simulacra (Lair:6)
  15 wargs
  6 vampire mosquitoes
  2 spectral cane toads (Lair:6)
  3 acid dragons (D:9)
  A harpy simulacrum (Gauntlet)
  13 water moccasins
  4 hell hounds (D:14)
  A swamp drake (D:10)
  2 sky beasts
  A meliai simulacrum (Gauntlet)
  22 orc warriors
  A black bear (D:5)
  An ice beast (D:8)
  7 ogres
  9 centaurs
  5 necrophages
  2 elephant skeletons (Lair:6)
  4 kobold brigands
  17 bullfrogs
  5 scorpions
  A gnoll sergeant (D:12)
  A cane toad simulacrum (Lair:6)
  A water moccasin skeleton (D:4)
  3 killer bees (D:10)
  An elephant simulacrum (Lair:6)
  12 wights
  3 electric eels
  4 howler monkeys
  3 centaur zombies
  A jelly (D:4)
  44 orc priests
  A hound (D:5)
  2 bullfrog skeletons
  A gnoll shaman (D:9)
  Crazy Yiuf (D:5)
  6 iguanas
  22 orc wizards
  3 hell rats (Lair:4)
  A scorpion zombie (D:5)
  A killer bee zombie (D:9)
  A hound skeleton (D:4)
  3 mummies (Ossuary)
  Robin (D:2)
  6 adders
  14 gnolls
  4 river rats (D:4)
  A white imp (D:7)
  An adder zombie (Ossuary)
  An adder skeleton (D:4)
  3 worms
  A dart slug (D:1)
  101 orcs
  6 ball pythons
  5 endoplasms
  3 giant cockroaches
  11 goblins
  6 hobgoblins
  5 jackals
  6 quokkas
  5 bats
  7 frilled lizards
  2 hobgoblin zombies (Ossuary)
  19 kobolds
  7 kobold zombies (Ossuary)
  4 quokka zombies (Ossuary)
  7 rats
  4 rat zombies (Ossuary)
776 creatures vanquished.

Vanquished Creatures (collateral kills)
  2 yaks (Lair:2)
  A hound (D:4)
  A gnoll (D:2)
  A worm (D:4)
  An orc (D:4)
  A rat (D:4)
7 creatures vanquished.

Vanquished Creatures (others)
  A komodo dragon (D:8)
  6 humans
  2 centaurs
  A howler monkey (D:13)
  2 hell rats (Lair:4)
  A bush (Lair:6)
  36 fungi
  98 plants
  30 withered plants
177 creatures vanquished.

Grand Total: 960 creatures vanquished

Notes
Turn   | Place    | Note
-------+----------+-------------------------------------------
     0 | D:1      | Armakuni the Human Artificer began the quest for the Orb.
     0 | D:1      | Reached XP level 1. HP: 15/15 MP: 1/1
   220 | D:1      | Found a faded altar of an unknown god.
   338 | D:1      | Reached XP level 2. HP: 19/22 MP: 2/2
   919 | D:1      | Reached XP level 3. HP: 25/28 MP: 3/3
  1239 | D:1      | Learned a level 2 spell: Wereblood
  1574 | D:2      | Found Heul's Jewellery Boutique.
  1786 | D:2      | Reached XP level 4. HP: 35/35 MP: 3/5
  1793 | D:2      | Reached skill level 1 in Spellcasting
  1793 | D:2      | Reached skill level 1 in Transmutations
  2293 | D:2      | Noticed Robin
  2301 | D:2      | Reached XP level 5. HP: 27/42 MP: 6/6
  2307 | D:2      | Killed Robin
  3170 | D:3      | Noticed a sky beast
  3191 | D:3      | Killed a sky beast
  3192 | D:3      | Reached XP level 6. HP: 14/49 MP: 7/7
  4473 | D:4      | Reached skill level 5 in Fighting
  4594 | D:4      | Found a glowing drain.
  4603 | D:4      | Reached XP level 7. HP: 44/56 MP: 8/8
  4608 | Sewer    | Entered a sewer
  4743 | Sewer    | Noticed a water moccasin
  4752 | Sewer    | Killed a water moccasin
  5255 | D:4      | Identified the amulet "Pukhief" {Spirit *Slow Fly Dex+3
                  | Stlth+}
  5519 | D:4      | Reached XP level 8. HP: 65/65 MP: 9/9
  5895 | D:4      | Found a staircase to the Ecumenical Temple.
  5907 | Temple   | Entered the Ecumenical Temple
  6159 | Temple   | Became a worshipper of Ru the Awakened
  6233 | D:5      | Entered Level 5 of the Dungeon
  6240 | D:5      | Found a broken altar of Ashenzari.
  6765 | D:5      | Reached skill level 5 in Armour
  7074 | D:5      | Reached skill level 5 in Dodging
  7163 | D:5      | Reached XP level 9. HP: 68/72 MP: 10/10
  7223 | D:5      | Found a runed translucent door.
  7224 | D:5      | Noticed Crazy Yiuf
  7233 | D:5      | Killed Crazy Yiuf
  7466 | D:6      | Reached skill level 1 in Staves
  7966 | D:6      | Reached skill level 5 in Staves
  8081 | D:7      | Found a sand-covered staircase.
  8089 | Ossuary  | Entered an ossuary
  8773 | D:7      | Noticed Joseph
  8783 | D:7      | Killed Joseph
  8784 | D:7      | Reached XP level 10. HP: 56/79 MP: 11/11
  9300 | D:8      | Noticed a komodo dragon
  9308 | D:8      | Killed a komodo dragon
  9313 | D:8      | Identified the +5 giant spiked club "Killer Klown's Death"
                  | {antimagic, Dex+3}
  9383 | D:8      | Found a staircase to the Lair.
  9384 | D:8      | Noticed a komodo dragon
  9408 | D:8      | Killed a komodo dragon
  9515 | D:8      | Noticed a komodo dragon
  9554 | D:8      | Reached skill level 10 in Staves
  9748 | D:9      | Noticed a purple ugly thing
  9752 | D:9      | Killed a purple ugly thing
  9776 | D:9      | Found Tuohi's Assorted Antiques.
  9792 | D:9      | Bought a white potion for 20 gold pieces
  9792 | D:9      | Bought a scroll of identify for 46 gold pieces
 10225 | D:9      | Reached XP level 11. HP: 66/84 MP: 12/12
 10380 | D:9      | Paralysed by a hornet for 2 turns
 10763 | D:9      | Noticed a two-headed ogre
 10771 | D:9      | Killed a two-headed ogre
 11167 | D:10     | Entered Level 10 of the Dungeon
 11220 | D:10     | Noticed a two-headed ogre
 11230 | D:10     | Killed a two-headed ogre
 11233 | D:10     | Killed a two-headed ogre
 11234 | D:10     | Reached skill level 10 in Fighting
 11234 | D:10     | Reached skill level 5 in Evocations
 11636 | D:10     | Reached XP level 12. HP: 91/97 MP: 13/13
 11656 | D:10     | Found a staircase to the Orcish Mines.
 12073 | D:11     | Noticed a six-headed hydra
 12083 | D:11     | Killed a six-headed hydra
 12088 | D:11     | Noticed a six-headed hydra
 12220 | D:11     | Noticed an orb spider
 12220 | D:11     | a glowing shapeshifter changed into an orb spider
 12221 | D:11     | Noticed a centaur warrior
 12225 | D:11     | Killed an orb spider
 12236 | D:11     | Killed a centaur warrior
 12251 | D:11     | HP: 2/97 [something (11)]
 12455 | D:11     | Noticed a two-headed ogre
 12465 | D:11     | Killed a two-headed ogre
 12625 | D:11     | Got the Almanac of Dusty Calling
 12914 | D:12     | Noticed a boulder beetle
 12914 | D:12     | Noticed a boulder beetle
 12927 | D:11     | Killed a boulder beetle
 12969 | D:11     | Killed a boulder beetle
 13239 | D:12     | Noticed a bunyip
 13239 | D:12     | a glowing shapeshifter changed into a bunyip
 13252 | D:12     | Noticed a five-headed hydra
 13252 | D:12     | a bunyip changed into a five-headed hydra
 13258 | D:12     | Killed a six-headed hydra
 13414 | D:12     | Noticed a boulder beetle
 13427 | D:12     | Killed a boulder beetle
 13507 | D:12     | Noticed a centaur warrior
 13509 | D:12     | Noticed a two-headed ogre
 13642 | D:12     | Killed a two-headed ogre
 13689 | D:12     | Killed a centaur warrior
 13690 | D:12     | Reached XP level 13. HP: 43/103 MP: 14/14
 13848 | D:10     | Killed a six-headed hydra
 13942 | Lair:1   | Entered Level 1 of the Lair of Beasts
 14242 | Lair:1   | Reached skill level 5 in Maces & Flails
 14831 | Lair:2   | Noticed Maggie
 14865 | Lair:2   | Banished Maggie
 14943 | Lair:2   | Found a hole to the Spider Nest.
 16513 | Lair:3   | Reached skill level 10 in Maces & Flails
 16643 | Lair:3   | Noticed Prince Ribbit
 16663 | Lair:3   | Killed Prince Ribbit
 16707 | Lair:3   | Reached XP level 14. HP: 52/110 MP: 15/15
 17041 | Lair:3   | Found a transporter.
 17370 | Lair:3   | Found a transporter.
 17419 | Lair:3   | Reached skill level 10 in Armour
 18066 | Lair:4   | Noticed Kirke
 18094 | Lair:4   | Killed Kirke
 18225 | Lair:4   | Found a staircase to the Shoals.
 19358 | Lair:5   | Found the +6 arbalest "Damnation" {damnation}
 20060 | Orc:1    | Entered Level 1 of the Orcish Mines
 20400 | Lair:5   | Noticed Snorg
 20408 | Lair:4   | Reached skill level 1 in Crossbows
 20853 | Lair:5   | Reached XP level 15. HP: 120/120 MP: 16/16
 20922 | Lair:5   | Killed Snorg
 20923 | Lair:5   | Reached skill level 5 in Crossbows
 21361 | Lair:6   | Entered Level 6 of the Lair of Beasts
 21708 | Lair:6   | Found a viscous altar of Jiyva.
 21710 | Lair:6   | Found a staircase to the Slime Pits.
 22029 | Lair:6   | Reached skill level 10 in Crossbows
 22349 | Lair:6   | Identified the +7 dagger "Yzupt" {speed, Str+2}
 22737 | Lair:6   | Reached XP level 16. HP: 127/127 MP: 17/17
 23462 | Orc:1    | Noticed Harold
 23481 | Orc:1    | Killed Harold
 23802 | Orc:2    | Entered Level 2 of the Orcish Mines
 24181 | Orc:2    | Found a staircase to the Elven Halls.
 24193 | Orc:2    | Found Nyopn's Magic Scroll Shop.
 24193 | Orc:2    | Found Gaqaexoll's Distillery.
 24451 | Orc:2    | Bought a potion of heal wounds for 75 gold pieces
 24466 | Orc:2    | Bought a scroll of teleportation for 33 gold pieces
 24466 | Orc:2    | Bought a scroll of teleportation for 33 gold pieces
 24466 | Orc:2    | Bought a scroll of blinking for 82 gold pieces
 24466 | Orc:2    | Bought a scroll of immolation for 38 gold pieces
 24466 | Orc:2    | Bought a scroll of immolation for 38 gold pieces
 25092 | Orc:2    | Found Byolasm's Weapon Shop.
 25092 | Orc:2    | Found Ymanaer's Armour Shoppe.
 25332 | Orc:2    | Bought a potion of resistance for 150 gold pieces
 25332 | Orc:2    | Bought a potion of mutation for 120 gold pieces
 26250 | D:13     | Found Doxez's Self-Improvement Boutique.
 26286 | D:13     | Bought a manual of Fighting for 960 gold pieces
 26522 | D:13     | Noticed Josephine
 26525 | D:13     | Killed Josephine
 27339 | D:13     | Reached skill level 15 in Crossbows
 27339 | D:13     | Reached XP level 17. HP: 112/139 MP: 18/18
 27436 | D:14     | Found a gate leading to a gauntlet.
 27440 | Gauntlet | Entered a Gauntlet
 27440 | Gauntlet | Found a large runed translucent door.
 27440 | Gauntlet | Found a large runed translucent door.
 27440 | Gauntlet | Found a large runed translucent door.
 27440 | Gauntlet | Found a large runed translucent door.
 27440 | Gauntlet | Found a large runed translucent door.
 27440 | Gauntlet | Found a large runed translucent door.
 27440 | Gauntlet | Found a large runed translucent door.
 27440 | Gauntlet | Found a large runed translucent door.
 27440 | Gauntlet | Found a runed translucent door.
 27440 | Gauntlet | Found a runed translucent gate.
 27440 | Gauntlet | Found a transporter.
 27440 | Gauntlet | Found a transporter.
 27440 | Gauntlet | Found a runed translucent gate.
 27440 | Gauntlet | Found a transporter.
 27441 | Gauntlet | Found a transporter.
 27444 | Gauntlet | Found a transporter.
 27454 | Gauntlet | Found a transporter.
 27512 | Gauntlet | Found a runed translucent door.
 27513 | Gauntlet | Found a large runed translucent door.
 27513 | Gauntlet | Found a large runed translucent door.
 27513 | Gauntlet | Found a large runed translucent door.
 27513 | Gauntlet | Found a large runed translucent door.
 27514 | Gauntlet | Found a large runed translucent door.
 27514 | Gauntlet | Found a large runed translucent door.
 27515 | Gauntlet | Found a large runed translucent door.
 27515 | Gauntlet | Found a large runed translucent door.
 27519 | Gauntlet | Found a transporter.
 27529 | Gauntlet | Found a transporter.
 27544 | Gauntlet | Found a transporter.
 27554 | Gauntlet | Found a transporter.
 27569 | Gauntlet | Found a transporter.
 27575 | Gauntlet | Found a transporter.
 27598 | Gauntlet | Found a runed translucent gate.
 27685 | Gauntlet | Identified the +0 helmet "Qiqaf" {Contam Fly rN+ Str+4}
 27810 | Gauntlet | Identified the +0 leather armour of Midwinter {rC+ MP+9}
 27811 | Gauntlet | Got the Catalogue of Confrontation and Contamination
 27866 | D:14     | Noticed Nessos
 27868 | D:14     | Killed Nessos
 28002 | D:14     | Noticed Azrael
 28019 | D:14     | Killed Azrael
 28153 | D:14     | Noticed Usyuff's ghost (journeyman DrCj)
 28158 | D:14     | Found a runed translucent gate.
 28158 | D:14     | Found a runed translucent gate.
 28158 | D:14     | Found a runed translucent gate.
 28382 | D:14     | Reached skill level 15 in Fighting
 28440 | D:14     | Found a gate to the Vaults.
 28609 | D:15     | Entered Level 15 of the Dungeon
 28683 | D:15     | Found a glowing golden altar of the Shining One.
 28714 | D:15     | Fell from the grace of Ru
 28714 | D:15     | Became a worshipper of the Shining One
 28715 | D:15     | Quit the game

Illustrated notes

Levels and vault maps discovered:
D:1:      dpeg_arrival_rooms_with_view, layout_basic,
          shapermc_ecumenical_altar_notcrosses
D:2:      layout_basic, serial_forest, infiniplex_forest_side_room,
          infiniplex_forest_diagonal, infiniplex_forest_zigzag_1,
          infiniplex_forest_lined_3, serial_shops, shop, uniq_robin
D:3:      layout_loops_corners
D:4:      layout_cave_pools, minmay_temple_entry_fiery,
          lightli_sewer_entry_pipes
D:5:      layout_rooms, cheibrodos_ashenzari_chains, uniq_crazy_yiuf_cottage
D:6:      layout_rooms
D:7:      layout_gridville, chequers_ossuary_entry_cave, uniq_joseph
D:8:      layout_basic, david_lair_shrubbed, minmay_lizard_king
D:9:      minmay_razor_zed, layout_basic, serial_undead, serial_undead_b,
          serial_undead_c, serial_undead_e, serial_undead_b, serial_shops,
          nicolae_shop_window_shopping, minmay_stone_trees_medium,
          hangedman_decor_diamond_cutter
D:10:     layout_grid_maze, erik_orc_1
D:11:     layout_irregular_city
D:12:     layout_small_grid
D:13:     minmay_quarter_circles, layout_loops_ring, nicolae_shop_self_help,
          uniq_josephine
D:14:     layout_long_grid, ximxim_vaults_locker_room, gauntlet_entry_generic,
          gammafunk_ghost_split, moated_statue, uniq_azrael, uniq_nessos
D:15:     gammafunk_depths_entry_grave, layout_irregular_city, tso_metal_star
Temple:   mainiacjoe_temple_archimedes_tessellation
Lair:1:   layout_chaotic_city, hibernation_bobbens
Lair:2:   layout_cellular_growth, spider_nest_entry_rubble, fungi_pond_lemuel,
          beast_lair_carwin_8, serial_bayou_shore_a, grunt_megastairs_4,
          uniq_maggie
Lair:3:   gammafunk_cloud_chamber, layout_regular_city, uniq_prince_ribbit2
Lair:4:   layout_layer_cave, minmay_shoals_entry_lonely_mermaid,
          chequers_serial_rivers_room_b, grunt_forest_stairs_basic, uniq_kirke
Lair:5:   layout_roguey, minivault_25, serial_bayou_shore_b, uniq_snorg
Lair:6:   due_jungle_book, layout_misc_corridors, slime_altar_1,
          chequers_serial_rivers_micro_d, nicolae_lair_grazing_beasts
          [nicolae_sub_lair_graze_edge, nicolae_sub_lair_graze_edge,
          nicolae_sub_lair_graze_edge, nicolae_sub_lair_graze_edge],
          grunt_megastairs_2, infiniplex_staircase_pool
Orc:1:    cheibrodos_orc_guarddog, layout_caves, uniq_harold
Orc:2:    st_orc_town, layout_caves

Skill      XL: |  1  2  3  4  5  6  7  8  9 10 11 12 13 14 15 16 17 |
---------------+----------------------------------------------------+-----
Fighting       | 2 3 4 5 6 7 10 12 14 15 | 15.3
Spellcasting   | 1 |  1.0
Transmutations | 1 |  1.0
Armour         | 3 4 5 9 10 | 10.0
Dodging        | 3 5 8 |  8.9
Staves         | 7 11 12 | 12.0
Evocations     | 6 |  6.0
Maces & Flails | 2 10 11 | 11.9
Crossbows      | 4 11 15 | 15.5
Stealth        | |  1.0

Action                   |  1- 3 |  4- 6 |  7- 9 | 10-12 | 13-15 | 16-18 || total
-------------------------+-------+-------+-------+-------+-------+-------++-------
Melee: Club              |    79 |       |       |       |       |       ||    79
       Dagger            |    26 |   191 |   165 |       |       |       ||   382
       Punch             |     1 |     7 |     1 |       |       |       ||     9
       Quarterstaff      |       |       |   119 |   520 |   111 |       ||   750
       Dire flail        |       |       |       |       |   802 |   772 ||  1574
 Fire: Arbalest          |       |       |       |       |    92 |    62 ||   154
Throw: Throwing net      |       |       |       |     5 |       |     4 ||     9
       Dart              |       |       |       |     3 |     6 |     2 ||    11
Invok: Reject Sacrifices |       |       |     1 |       |     2 |     1 ||     4
Evoke: Wand              |     6 |     5 |    11 |    29 |    10 |     7 ||    68
       Piece from Xom's  |     2 |       |     9 |    14 |     8 |       ||    33
       Phantom mirror    |       |       |       |     1 |     1 |     1 ||     3
       Lightning rod     |       |       |       |       |     8 |     7 ||    15
       Condenser vane    |       |       |       |       |       |     1 ||     1
  Use: Scroll            |     5 |     5 |     7 |     9 |    10 |     9 ||    45
       Potion            |     1 |       |     1 |       |     7 |       ||     9
 Stab: Sleeping          |     3 |     2 |       |       |       |       ||     5
       Confused          |     1 |       |       |     3 |       |       ||     4
       Paralysed         |       |       |     7 |    17 |       |    15 ||    39
       Petrified         |       |       |    13 |       |     1 |       ||    14
       Invisible         |       |       |       |       |     1 |       ||     1
       Held in net/web   |       |       |       |       |       |     7 ||     7
Armor: Leather armour    |    41 |    13 |       |       |       |       ||    54
       Ring mail         |       |    53 |    56 |       |       |       ||   109
       Chain mail        |       |       |    81 |   289 |   367 |   344 ||  1081
Dodge: Dodged            |    75 |    88 |   143 |   177 |   355 |   409 ||  1247

Table legend: (Time is in decaauts)
 A = Elapsed time spent in this place.
 B = Non-inter-level travel time spent in this place.
 C = Inter-level travel time spent in this place.
 D = Time resting spent in this place.
 E = Time spent auto-exploring this place.
 F = Levels seen in this place.
 G = Mean time per level.
                   A        B        C        D        E       F      G
               +--------+--------+--------+--------+--------+-----+--------+
         Total |  28092 |  25716 |   2376 |   4301 |  14108 |  27 | 1040.4 |
       Dungeon |  16907 |  15219 |   1688 |   3135 |   8246 |  15 | 1127.1 |
        Temple |    283 |    253 |     30 |      0 |    204 |   1 |  283.0 |
          Lair |   7972 |   7483 |    489 |    835 |   4507 |   6 | 1328.7 |
  Orcish Mines |   2193 |   2024 |    169 |    245 |    843 |   2 | 1096.5 |
         Sewer |    198 |    198 |      0 |     58 |     71 |   1 |  198.0 |
       Ossuary |    163 |    163 |      0 |      0 |     54 |   1 |  163.0 |
      Gauntlet |    372 |    372 |      0 |     28 |    182 |   1 |  372.0 |
               +--------+--------+--------+--------+--------+-----+--------+

Top non-repeatable levels by time:
  Lair:4: 1875 daAuts
  Lair:2: 1683 daAuts
     D:4: 1613 daAuts
     D:3: 1578 daAuts
     D:9: 1559 daAuts
    D:10: 1534 daAuts
     D:2: 1509 daAuts
  Lair:6: 1487 daAuts
    D:13: 1368 daAuts
     D:1: 1341 daAuts
  Lair:3: 1272 daAuts
   Orc:2: 1240 daAuts
    D:11: 1084 daAuts
     D:7: 1019 daAuts
     D:8: 1001 daAuts
